3R
GREENPORT HARBOR WHALES @ TWINSBURG TIGERS
08/31/2037
 
TOP OF THE 1ST
Greenport Harbor Whales batting - Pitching for Twinsburg Tigers : RHP Ken Richmond
Pitching: RHP Ken Richmond
Batting: RHB John Ratzlaff 0-0: Ball
1-0: Ball
2-0: Ball
3-0: Called Strike
3-1: Called Strike
3-2: Fly out, F2 (Popup, 23F, EV 85.6 MPH)
Batting: RHB Richard Forrest 0-0: Ball
1-0: Called Strike
1-1: Foul Ball, location: 2F
1-2: Ball
2-2: Foul Ball, location: 2F
2-2: Ball
3-2: Base on Balls
Batting: RHB Vinnie Nuyten 0-0: Foul Ball, location: 2F
0-1: Foul Ball, location: 2F
0-2: SINGLE (Flyball, 89S, EV 91.9 MPH)
Richard Forrest to second
Richard Forrest to third
Batting: SHB Joe Middleton 0-0: Called Strike
Vinnie Nuyten is caught stealing 2nd base 2-6
0-1: Swinging Strike
0-2: Ball
1-2: Foul Ball, location: 2F
1-2: Ball
2-2: Foul Ball, location: 2F
2-2: Ball
3-2: Fly out, F9 (Flyball, 89M, EV 88.1 MPH)
Top of the 1st over - 0 runs, 1 hit, 0 errors, 1 left on base; Greenport 0 - Twinsburg 0
BOTTOM OF THE 1ST
Twinsburg Tigers batting - Pitching for Greenport Harbor Whales : RHP Javier Soto
Pitching: RHP Javier Soto
Batting: LHB Pedro Guerrero 0-0: Called Strike
0-1: Swinging Strike
0-2: Strikes out swinging
Batting: LHB Danny Rodríguez 0-0: Foul Ball, location: 2F
0-1: Fly out, F7 (Flyball, 78M, EV 83.8 MPH)
Batting: RHB Dima Tabakaev 0-0: Called Strike
0-1: Foul Ball, location: 2F
0-2: Foul Ball, location: 2F
0-2: Ground out 5-3 (Groundball, 56S, EV 90.6 MPH)
Bottom of the 1st over - 0 runs, 0 hits, 0 errors, 0 left on base; Greenport 0 - Twinsburg 0
TOP OF THE 2ND
Greenport Harbor Whales batting - Pitching for Twinsburg Tigers : RHP Ken Richmond
Batting: LHB Kyung-ryul Kim 0-0: Called Strike
0-1: Called Strike
0-2: Ball
1-2: Strikes out looking
Batting: RHB Ben Russell 0-0: Foul Ball, location: 2F
0-1: Ball
1-1: Ball
2-1: Fly out, F7 (Flyball, 7D, EV 100.6 MPH)
Batting: RHB Travis Miller 0-0: Ball
1-0: Called Strike
1-1: Ball
2-1: Swinging Strike
2-2: Ball
3-2: Ground out 4-3 (Groundball, 4, EV 81.9 MPH)
Top of the 2nd over - 0 runs, 0 hits, 0 errors, 0 left on base; Greenport 0 - Twinsburg 0
BOTTOM OF THE 2ND
Twinsburg Tigers batting - Pitching for Greenport Harbor Whales : RHP Javier Soto
Batting: RHB Axel Ruschmeyer 0-0: Called Strike
0-1: Fly out, F7 (Flyball, 78D, EV 101.9 MPH)
Batting: RHB Jackson Cluff 0-0: Fly out, F8 (Flyball, 8LS, EV 87.5 MPH)
Batting: RHB Woong Byeon 0-0: Called Strike
0-1: Fly out, F8 (Flyball, 8RD, EV 90.6 MPH)
Bottom of the 2nd over - 0 runs, 0 hits, 0 errors, 0 left on base; Greenport 0 - Twinsburg 0
TOP OF THE 3RD
Greenport Harbor Whales batting - Pitching for Twinsburg Tigers : RHP Ken Richmond
Batting: RHB Jerry Simmons 0-0: Called Strike
0-1: Ball
1-1: Ball
2-1: Ground out 5-3 (Groundball, 56S, EV 67.5 MPH)
Batting: RHB Wessel Dekkers 0-0: Called Strike
0-1: Ball
1-1: Called Strike
1-2: Strikes out swinging
Batting: RHB John Ratzlaff 0-0: Called Strike
0-1: Ball
1-1: Foul Ball, location: 2F
1-2: Foul Ball, location: 2F
1-2: Foul Ball, location: 2F
1-2: Ball
2-2: Strikes out swinging
Top of the 3rd over - 0 runs, 0 hits, 0 errors, 0 left on base; Greenport 0 - Twinsburg 0
BOTTOM OF THE 3RD
Twinsburg Tigers batting - Pitching for Greenport Harbor Whales : RHP Javier Soto
Batting: LHB Aklilu Heri 0-0: Ball
1-0: Ball
2-0: Ball
3-0: Called Strike
3-1: Ground out 6-3 (Groundball, 56, EV 81.2 MPH)
Batting: RHB Jeff Bowers 0-0: Swinging Strike
0-1: SINGLE (Groundball, 34D, EV 105.6 MPH)
Batting: RHB Harold Dansey 0-0: Ball
Jeff Bowers steals 2nd base
1-0: Fly out, F7 (Flyball, 78S, EV 85.0 MPH)
Batting: LHB Pedro Guerrero 0-0: Ground out 4-3 (Groundball, 4, EV 98.1 MPH)
Bottom of the 3rd over - 0 runs, 1 hit, 0 errors, 1 left on base; Greenport 0 - Twinsburg 0
TOP OF THE 4TH
Greenport Harbor Whales batting - Pitching for Twinsburg Tigers : RHP Ken Richmond
Batting: RHB Richard Forrest 0-0: Ground out U3 (Groundball, 34, EV 105.0 MPH)
Batting: RHB Vinnie Nuyten 0-0: Ground out 6-3 (Groundball, 6, EV 83.1 MPH)
Batting: SHB Joe Middleton 0-0: Ball
1-0: Ball
2-0: Ball
3-0: Base on Balls
Batting: LHB Kyung-ryul Kim 0-0: Ball
1-0: Foul Ball, location: 2F
1-1: Called Strike
1-2: Fly out, F7 (Flyball, 7D, EV 107.5 MPH)
Top of the 4th over - 0 runs, 0 hits, 0 errors, 1 left on base; Greenport 0 - Twinsburg 0
BOTTOM OF THE 4TH
Twinsburg Tigers batting - Pitching for Greenport Harbor Whales : RHP Javier Soto
Batting: LHB Danny Rodríguez 0-0: Called Strike
0-1: Swinging Strike
0-2: Ball
1-2: Foul Ball, location: 2F
1-2: Strikes out looking
Batting: RHB Dima Tabakaev 0-0: Called Strike
0-1: Ball
1-1: Ball
2-1: Foul Ball, location: 2F
2-2: Strikes out swinging
Batting: RHB Axel Ruschmeyer 0-0: Called Strike
0-1: Called Strike
0-2: Strikes out swinging
Bottom of the 4th over - 0 runs, 0 hits, 0 errors, 0 left on base; Greenport 0 - Twinsburg 0
TOP OF THE 5TH
Greenport Harbor Whales batting - Pitching for Twinsburg Tigers : RHP Ken Richmond
Batting: RHB Ben Russell 0-0: Ball
1-0: SINGLE (Groundball, 4MD, EV 96.2 MPH)
Batting: RHB Travis Miller 0-0: Sac Bunt to 15 - play at first, batter OUT! 1-3
Ben Russell to second
Batting: RHB Jerry Simmons 0-0: Ball
1-0: Called Strike
1-1: Swinging Strike
1-2: Ball
2-2: Strikes out swinging
Batting: RHB Wessel Dekkers 0-0: Called Strike
0-1: Ball
1-1: Swinging Strike
1-2: Foul Ball, location: 2F
1-2: Ball
2-2: Reached via error on a dropped throw from SS, E3 (Groundball, 6, EV 105.6 MPH)
Ben Russell to third
Batting: RHB John Ratzlaff 0-0: Foul Ball, location: 2F
0-1: Called Strike
0-2: Foul Ball, location: 2F
0-2: Foul Ball, location: 2F
0-2: Strikes out swinging
Top of the 5th over - 0 runs, 1 hit, 1 error, 2 left on base; Greenport 0 - Twinsburg 0
BOTTOM OF THE 5TH
Twinsburg Tigers batting - Pitching for Greenport Harbor Whales : RHP Javier Soto
Batting: RHB Jackson Cluff 0-0: Foul Ball, location: 2F
0-1: Swinging Strike
0-2: Foul Ball, location: 2F
0-2: Ball
1-2: Strikes out swinging
Batting: RHB Woong Byeon 0-0: SOLO HOME RUN (Flyball, 78XD, EV 105.0 MPH), Distance : 412 ft
Batting: LHB Aklilu Heri 0-0: Ball
1-0: Ball
2-0: Ball
3-0: Base on Balls
Batting: RHB Jeff Bowers 0-0: Ball
1-0: Ball
2-0: Called Strike
2-1: Ball
3-1: Fly out, F8 (Flyball, 8LXD, EV 108.1 MPH)
Batting: RHB Harold Dansey 0-0: Called Strike
0-1: Ball
1-1: Foul Ball, location: 2F
1-2: Strikes out swinging
Bottom of the 5th over - 1 run, 1 hit, 0 errors, 1 left on base; Greenport 0 - Twinsburg 1
TOP OF THE 6TH
Greenport Harbor Whales batting - Pitching for Twinsburg Tigers : RHP Ken Richmond
Batting: RHB Richard Forrest 0-0: Foul Ball, location: 2F
0-1: Foul Ball, location: 2F
0-2: Strikes out swinging
Batting: RHB Vinnie Nuyten 0-0: SINGLE (Groundball, 6M, EV 106.9 MPH) (infield hit)
Batting: SHB Joe Middleton 0-0: Ball
1-0: Ball
2-0: Ball
3-0: Base on Balls
Vinnie Nuyten to second
Batting: LHB Kyung-ryul Kim 0-0: Ball
1-0: Called Strike
1-1: Foul Ball, location: 2F
1-2: Fly out, F2 (Popup, 2LF, EV 90.0 MPH)
Batting: RHB Ben Russell 0-0: Foul Ball, location: 2F
0-1: Ball
1-1: Foul Ball, location: 2F
1-2: Strikes out looking
Top of the 6th over - 0 runs, 1 hit, 0 errors, 2 left on base; Greenport 0 - Twinsburg 1
BOTTOM OF THE 6TH
Twinsburg Tigers batting - Pitching for Greenport Harbor Whales : RHP Javier Soto
Batting: LHB Pedro Guerrero 0-0: Called Strike
0-1: Ball
1-1: Foul Ball, location: 2F
1-2: Foul Ball, location: 2F
1-2: SINGLE (Groundball, 4MD, EV 115.6 MPH)
Batting: LHB Danny Rodríguez 0-0: Called Strike
Pedro Guerrero steals 2nd base
0-1: Called Strike
0-2: Ball
1-2: Ball
2-2: Foul Ball, location: 2F
2-2: Foul Ball, location: 2F
2-2: Ground out 6-3 (Groundball, 6, EV 108.1 MPH)
Batting: RHB Dima Tabakaev 0-0: Called Strike
0-1: DOUBLE (Flyball, 89XD, EV 108.8 MPH)
Pedro Guerrero scores
Batting: RHB Axel Ruschmeyer 0-0: Ball
1-0: Fly out, F8 (Line Drive, 8RM, EV 89.4 MPH)
Batting: RHB Jackson Cluff 0-0: Ground out 6-3 (Groundball, 6, EV 110.6 MPH)
Bottom of the 6th over - 1 run, 2 hits, 0 errors, 1 left on base; Greenport 0 - Twinsburg 2
TOP OF THE 7TH
Greenport Harbor Whales batting - Pitching for Twinsburg Tigers : RHP Ken Richmond
Pitching: RHP Myon-ki Chon
Batting: RHB Travis Miller 0-0: Swinging Strike
0-1: Ball
1-1: Ball
2-1: Ball
3-1: Base on Balls
Batting: RHB Jerry Simmons 0-0: Ball
1-0: Ball
2-0: Sac Bunt to 23 - play at first, batter OUT! 3-4
Travis Miller to second
Batting: RHB Wessel Dekkers 0-0: Ball
1-0: Called Strike
1-1: SINGLE (Flyball, 34D, EV 95.6 MPH)
Travis Miller to third
Runner from 3rd tries for Home, SAFE, no throw by RF
Pinch Hitting: SHB Germán López 0-0: Called Strike
0-1: Foul Ball, location: 2F
0-2: Ball
1-2: Ball
Wild Pitch!
Wessel Dekkers to second
2-2: Ball
3-2: Ground out 5-3 (Groundball, 56, EV 101.2 MPH)
Batting: RHB Richard Forrest 0-0: Fly out, F7 (Flyball, 7LDF, EV 100.0 MPH)
Top of the 7th over - 1 run, 1 hit, 0 errors, 1 left on base; Greenport 1 - Twinsburg 2
BOTTOM OF THE 7TH
Twinsburg Tigers batting - Pitching for Greenport Harbor Whales : RHP Javier Soto
Now at 3B: Kuan Pi
Batting: RHB Woong Byeon 0-0: Ball
1-0: Ball
2-0: Swinging Strike
2-1: Ball
3-1: Foul Ball, location: 2F
3-2: SINGLE (Flyball, 89S, EV 93.1 MPH)
Batting: LHB Aklilu Heri 0-0: Called Strike
0-1: Foul Ball, location: 2F
0-2: 2-RUN HOME RUN (Flyball, 9D, EV 113.1 MPH), Distance : 372 ft
Batting: RHB Jeff Bowers 0-0: Ball
1-0: Ball
2-0: Called Strike
2-1: Fly out, F8 (Line Drive, 8LM, EV 105.6 MPH)
Batting: RHB Harold Dansey 0-0: Called Strike
0-1: Ball
1-1: Ball
2-1: Ball
3-1: Foul Ball, location: 2F
3-2: Strikes out swinging
Batting: LHB Pedro Guerrero 0-0: Fly out, F9 (Flyball, 9S, EV 92.5 MPH)
Bottom of the 7th over - 2 runs, 2 hits, 0 errors, 0 left on base; Greenport 1 - Twinsburg 4
TOP OF THE 8TH
Greenport Harbor Whales batting - Pitching for Twinsburg Tigers : RHP Myon-ki Chon
Batting: RHB Vinnie Nuyten 0-0: Fly out, F8 (Flyball, 89D, EV 97.5 MPH)
Batting: SHB Joe Middleton 0-0: Called Strike
0-1: Fly out, F8 (Flyball, 8LM, EV 91.2 MPH)
Batting: LHB Kyung-ryul Kim 0-0: Foul Ball, location: 2F
0-1: Fly out, F9 (Flyball, 9S, EV 91.2 MPH)
Top of the 8th over - 0 runs, 0 hits, 0 errors, 0 left on base; Greenport 1 - Twinsburg 4
BOTTOM OF THE 8TH
Twinsburg Tigers batting - Pitching for Greenport Harbor Whales : RHP Javier Soto
Batting: LHB Danny Rodríguez 0-0: Ball
1-0: Foul Ball, location: 2F
1-1: Foul Ball, location: 2F
1-2: Ball
2-2: SINGLE (Line Drive, 78S, EV 108.8 MPH)
Pitching: LHP Luis Asturias
Batting: RHB Dima Tabakaev 0-0: SINGLE (Groundball, 56S, EV 63.1 MPH) (infield hit)
Danny Rodríguez to second
Batting: RHB Axel Ruschmeyer 0-0: Ball
1-0: Fielders Choice at 2nd, 6-4 (Groundball, 6, EV 107.5 MPH)
Danny Rodríguez to third
Batting: RHB Jackson Cluff 0-0: Swinging Strike
0-1: Ball
1-1: Swinging Strike
1-2: Strikes out looking
Batting: RHB Woong Byeon 0-0: Fly out, F9 (Flyball, 9S, EV 80.6 MPH)
Bottom of the 8th over - 0 runs, 2 hits, 0 errors, 2 left on base; Greenport 1 - Twinsburg 4
TOP OF THE 9TH
Greenport Harbor Whales batting - Pitching for Twinsburg Tigers : RHP Myon-ki Chon
Pitching: RHP Elliot Roebuck
Batting: RHB Ben Russell 0-0: Ball
1-0: SINGLE (Groundball, 34D, EV 97.5 MPH)
Batting: RHB Travis Miller 0-0: SINGLE (Groundball, 3, EV 82.5 MPH) (infield hit)
Ben Russell to second
Batting: RHB Jerry Simmons 0-0: Ball
1-0: Called Strike
1-1: Foul Ball, location: 2F
1-2: Ball
2-2: Strikes out looking
Pinch Hitting: RHB De-wei Chi 0-0: Ball
1-0: Ball
2-0: Grounds into double play, 3-6-3 (Groundball, 34, EV 88.1 MPH)
Top of the 9th over - 0 runs, 2 hits, 0 errors, 1 left on base; Greenport 1 - Twinsburg 4
Thursday, January 23rd, 2020 - OOTP Baseball 20.8 Build 74